 Dungeon Crawl Stone Soup version 0.24-a0-378-g94936e539c (webtiles) character file.

Game seed: 1684269025853209646

2271 Nautrax the Carver (level 9, -5/78 (79) HPs)
             Began as a Minotaur Berserker on June 2, 2019.
             Was a High Priest of Trog.
             Slain by an orc warrior
             ... wielding a +0 battleaxe
              (14 damage)
             ... on level 7 of the Dungeon.
             The game lasted 00:25:49 (5807 turns).

Nautrax the Carver (Minotaur Berserker)             Turns: 5807, Time: 00:25:50

HP:   -5/78 (79)    AC: 12    Str: 25    XL:     9   Next: 16%
MP:   8/8           EV: 13    Int: 10    God:    Trog [*****.]
Gold: 313           SH:  0    Dex: 14    Spells: 8/8 levels left

rFire    + . .     SeeInvis .   a - +1 falchion
rCold    + . .     Gourm    .   (no shield)
rNeg     . . .     Faith    .   f - +0 scale mail
rPois    .         Spirit   .   s - +2 hat
rElec    .         Reflect  .   h - scarf {rC+ rF+}
rCorr    .         Harm     .   p - +0 pair of gloves
MR       ++...                  g - +0 pair of boots
Stlth    ..........             (no amulet)
HPRegen  1.23/turn              o - +4 ring of dexterity
MPRegen  0.11/turn              q - +6 ring of intelligence

@: lethally poisoned (-5 -> -5), regenerating
A: retaliatory headbutt, horns 2
a: Berserk, Trog's Hand, Brothers in Arms, Renounce Religion


You were on level 7 of the Dungeon.
You worshipped Trog.
Trog was extremely pleased with you.
You were hungry.

You visited 1 branch of the dungeon, and saw 7 of its levels.

You collected 313 gold pieces.

Inventory:

Hand Weapons
 a - a +1 falchion (weapon)
Armour
 f - a +0 scale mail (worn)
 g - a +0 pair of boots (worn)
 h - a scarf of resistance (worn)
 p - a +0 pair of gloves (worn)
 s - a +2 hat (worn)
Jewellery
 o - a +4 ring of dexterity (left hand)
 q - a +6 ring of intelligence (right hand)
 v - an uncursed amulet of the acrobat {unknown}
 w - a cursed -2 ring of strength {unknown}
Wands
 r - a wand of iceblast (6)
 t - a wand of flame (31)
Scrolls
 e - 2 scrolls of fear
 i - 2 scrolls of fog {unknown}
 j - 6 scrolls of amnesia
 x - a scroll of blinking {unknown}
Potions
 b - 2 potions of might {unknown}
 d - 4 potions of haste
 k - 2 potions of invisibility
 l - a potion of cancellation {unknown}
 m - 5 potions of curing {unknown}
 n - a potion of lignification {unknown}
 u - a potion of resistance {unknown}
Comestibles
 c - 12 rations
 z - 18 chunks of flesh


   Skills:
 + Level 7.0 Fighting
 + Level 9.9 Long Blades
 + Level 7.9 Armour
 + Level 5.5 Dodging
 - Level 1.0 Stealth


You had 8 spell levels left.
You didn't know any spells.
Your spell library was empty.

Dungeon Overview and Level Annotations

Branches:
Dungeon (7/15)             Temple (0/1) D:5

Altars:
Dithmenos
Fedhas
Kikubaaqudgha
Nemelex Xobeh
Vehumet

Shops:
D:6 =


Innate Abilities, Weirdness & Mutations

You reflexively headbutt those who attack you in melee.
You have a pair of horns on your head.


Message History

The killer bee stings you but does no damage.
You barely miss the killer bee.
The killer bee is moderately wounded.
You feel sick.
The killer bee stings you but does no damage.
The killer bee stings you.
* * * LOW HITPOINT WARNING * * *
You slash the killer bee!
You kill the killer bee!
Trog accepts your kill.
You feel sick. The orc closely misses you.
You riposte.
You slash the orc!
You kill the orc!
Trog accepts your kill.
Trog will now gift you weapons as you gain piety.
You hit the orc warrior but do no damage.
You headbutt the orc warrior.
The orc warrior is severely wounded.
You feel sick.
The orc warrior hits you with a +0 battleaxe!
You die... ###.....# #..#.#._.#.# #...) ......#########..#.......# #.PPP #####........# ..#...#...# #P... #.######.# ..#.......# #.P_P ### #.# #.# .......##.# #..P. ... #.# #.# #.##... #.# #.PPP

### #.# #.#
#.##.. ...
..... #.#
#.###.# ##.###
#.# ##.##.@# #.
#...#o######.
#..(#†)........
#.#...#.######?
#.##.##.# . #.
#.# . .. ... ..
... #.. ####
####


You could see an orc warrior.

Vanquished Creatures
  The ghost of Goodini51 the Grasshopper, an amateur HuWr (D:5)
  A hippogriff (D:7)
  A sky beast (D:6)
  A necrophage (D:6)
  2 ogres (D:5)
  3 bullfrogs (D:7)
  2 scorpions
  A water moccasin skeleton (D:4)
  6 killer bees (D:7)
  3 crimson imps
  A bullfrog zombie (D:5)
  A jelly (D:5)
  A gnoll shaman (D:7)
  4 orc priests
  6 orc wizards
  A bullfrog skeleton (D:7)
  An iguana (D:5)
  3 worker ants
  12 gnolls (D:7)
  9 adders
  A shadow imp (D:5)
  An adder zombie (D:5)
  3 worms
  6 leopard geckos
  36 orcs
  4 giant cockroaches
  6 goblins
  4 hobgoblins
  2 jackals (D:4)
  8 kobolds
  4 quokkas
  2 ball pythons
  10 bats
  6 frilled lizards
  A jackal skeleton (D:5)
  A quokka zombie (D:5)
  6 rats
  A withered plant (D:5)
162 creatures vanquished.

Vanquished Creatures (others)
  3 fungi (D:7)
  A withered plant (D:5)
4 creatures vanquished.

Grand Total: 166 creatures vanquished

Notes
Turn   | Place    | Note
-------+----------+-------------------------------------------
     0 | D:1      | Nautrax the Minotaur Berserker began the quest for the Orb.
     0 | D:1      | Reached XP level 1. HP: 19/19 MP: 0/0
   198 | D:1      | Reached skill level 4 in Long Blades
   296 | D:1      | Reached XP level 2. HP: 26/27 MP: 1/1
   988 | D:2      | Reached ** piety under Trog
   988 | D:2      | Reached XP level 3. HP: 33/33 MP: 2/2
  1091 | D:2      | Found an ancient bone altar of Kikubaaqudgha.
  1549 | D:3      | Reached XP level 4. HP: 41/41 MP: 3/3
  1783 | D:3      | Reached skill level 5 in Long Blades
  2186 | D:4      | Reached skill level 5 in Fighting
  2186 | D:4      | Reached XP level 5. HP: 44/48 MP: 4/4
  2274 | D:4      | Reached *** piety under Trog
  2766 | D:4      | Found a shadowy altar of Dithmenos.
  2813 | D:4      | Reached XP level 6. HP: 56/56 MP: 5/5
  2860 | D:4      | Reached skill level 6 in Long Blades
  3315 | D:5      | Entered Level 5 of the Dungeon
  3484 | D:5      | Found a sparkling altar of Nemelex Xobeh.
  3552 | D:5      | Reached skill level 5 in Armour
  3552 | D:5      | Reached XP level 7. HP: 22/61 MP: 6/6
  3801 | D:5      | Reached skill level 7 in Long Blades
  3801 | D:5      | Reached skill level 1 in Stealth
  4000 | D:5      | Found a staircase to the Ecumenical Temple.
  4013 | D:5      | Reached **** piety under Trog
  4213 | D:5      | Noticed Goodini51's ghost (amateur HuWr)
  4214 | D:5      | Found a runed translucent door.
  4465 | D:5      | Killed Goodini51's ghost
  4465 | D:5      | Reached skill level 8 in Long Blades
  4465 | D:5      | Reached XP level 8. HP: 50/70 MP: 7/7
  4850 | D:6      | Found Juzesk's Jewellery Boutique.
  5586 | D:7      | Reached skill level 9 in Long Blades
  5586 | D:7      | Reached skill level 5 in Dodging
  5626 | D:7      | Found a blossoming altar of Fedhas.
  5637 | D:7      | Noticed a hippogriff
  5674 | D:7      | Killed a hippogriff
  5690 | D:7      | Found a radiant altar of Vehumet.
  5744 | D:7      | Reached XP level 9. HP: 64/77 MP: 8/8
  5806 | D:7      | Reached ***** piety under Trog
  5807 | D:7      | Slain by an orc warrior

Levels and vault maps discovered:
D:1:      wander_arrival_desolate, layout_loops_corners
D:2:      layout_rooms, lemuel_doored_altar, minmay_stone_trees_small,
          chequers_serial_rivers_small_b
D:3:      layout_loops_cross, minmay_vboxes
D:4:      layout_loops_ring, marbit_many_paths
D:5:      cheibrodos_helix_gallery, layout_loops_cross,
          nemelex_xobeh_ov_fountains_minmay, minmay_temple_entry_glass,
          first_ration, gammafunk_ghost_grave, kennysheep_generic_room_9
D:6:      layout_basic, serial_shops, nicolae_shop_stone
D:7:      layout_loops_ring, vehumet_altar_wand_db, fedhas_altar_3

Skill      XL: |  1  2  3  4  5  6  7  8  9 |
---------------+----------------------------+-----
Long Blades    | 4 5 6 8 9 |  9.9
Fighting       | 4 5 6 7 |  7.0
Armour         | 3 4 5 6 7 |  7.9
Dodging        | 3 4 5 |  5.5
Stealth        | 1 |  1.0

Action                   |  1- 3 |  4- 6 |  7- 9 || total
-------------------------+-------+-------+-------++-------
Melee: Falchion          |    64 |   147 |   222 ||   433
       Headbutt          |     7 |    36 |    69 ||   112
Invok: Trog's Hand       |       |       |     1 ||     1
  Use: Scroll            |     7 |     3 |     2 ||    12
 Stab: Sleeping          |     1 |       |       ||     1
  Eat: Chunk             |     2 |     3 |     7 ||    12
       Ration            |       |     1 |       ||     1
Armor: Scale mail        |    23 |    66 |    94 ||   183
       Animal skin       |     2 |       |       ||     2
Dodge: Dodged            |    49 |    72 |   140 ||   261
       Rpst.: Falchion   |    12 |    21 |    37 ||    70

Table legend:
 A = Non-vault XP
 B = Vault XP
 C = Vault XP percentage of total XP
 D = Non-vault monster count
 E = Vault monster count
 F = Vault count percentage of total count
                 A         B        C        D         E       F
            +---------+---------+-------+---------+---------+-------
      Total |    2866 |     379 |  11.7 |     147 |      14 |   8.7
            +---------+---------+-------+---------+---------+-------
        D:1 |      27 |       0 |   0.0 |      16 |       0 |   0.0
        D:2 |      49 |       0 |   0.0 |      17 |       0 |   0.0
        D:3 |      90 |      11 |  10.9 |      17 |       8 |  32.0
        D:4 |     316 |      14 |   4.2 |      18 |       1 |   5.3
        D:5 |     600 |     353 |  37.0 |      31 |       4 |  11.4
        D:6 |     304 |       0 |   0.0 |      10 |       0 |   0.0
        D:7 |    1480 |       1 |   0.1 |      38 |       1 |   2.6
            +---------+---------+-------+---------+---------+-------
